PBL
COLORADO AVALANCHE @ MIAMI BEACH MARLINS
10/04/2044
 
TOP OF THE 1ST
Colorado Avalanche batting - Pitching for Miami Beach Marlins : LHP Brian Worthy
Pitching: LHP Brian Worthy
Batting: LHB Georges Lambert 0-0: Ball
1-0: Ball
2-0: Called Strike
2-1: Ball
3-1: Called Strike
3-2: Foul Ball, location: 2F
3-2: Fly out, F7 (Flyball, 78D, EV 95.0 MPH)
Batting: SHB Brad Madden 0-0: Foul Ball, location: 2F
0-1: Called Strike
0-2: Ball
1-2: Strikes out looking
Batting: LHB Paul McClintock 0-0: Called Strike
0-1: Ball
1-1: Ball
2-1: Foul Ball, location: 2F
2-2: Foul Ball, location: 2F
2-2: Foul Ball, location: 2F
2-2: Ball
3-2: Base on Balls
Batting: RHB John Corfield 0-0: Ball
1-0: Foul Ball, location: 2F
1-1: Fly out, F6 (Flyball, 6D, EV 86.9 MPH)
Top of the 1st over - 0 runs, 0 hits, 0 errors, 1 left on base; Colorado 0 - Miami Beach 0
BOTTOM OF THE 1ST
Miami Beach Marlins batting - Pitching for Colorado Avalanche : RHP Kevin McKasson
Pitching: RHP Kevin McKasson
Batting: LHB Eric Bailey 0-0: Fly out, F7 (Flyball, 78M, EV 85.0 MPH)
Batting: RHB Dale Young 0-0: Ball
1-0: Called Strike
1-1: Foul Ball, location: 2F
1-2: SINGLE (Groundball, 6MD, EV 95.6 MPH)
Batting: RHB Willie Chavez 0-0: Ball
1-0: Swinging Strike
1-1: Ball
Dale Young steals 2nd base
2-1: Swinging Strike
2-2: Strikes out swinging
Batting: RHB Erik Coleman 0-0: Ball
1-0: Ball
2-0: Ball
3-0: Base on Balls
Batting: LHB Adam Durgin 0-0: Fly out, F6 (Popup, 6M, EV 64.4 MPH)
Bottom of the 1st over - 0 runs, 1 hit, 0 errors, 2 left on base; Colorado 0 - Miami Beach 0
TOP OF THE 2ND
Colorado Avalanche batting - Pitching for Miami Beach Marlins : LHP Brian Worthy
Batting: RHB Matviy Oliynyk 0-0: Ball
1-0: Ball
2-0: Called Strike
2-1: Ball
3-1: Base on Balls
Batting: RHB Bob Hayes 0-0: Ball
1-0: Ball
2-0: Ball
3-0: Called Strike
3-1: Base on Balls
Matviy Oliynyk to second
Batting: SHB Justin Jackson 0-0: Foul Ball, location: 2F
0-1: Ball
1-1: Ball
2-1: SINGLE (Groundball, 6S, EV 65.0 MPH) (infield hit)
Matviy Oliynyk to third
Bob Hayes to second
Batting: RHB Chris Kinder 0-0: Grounds into double play, 3-6-3 (Groundball, 34S, EV 90.0 MPH)
Matviy Oliynyk scores
Bob Hayes to third
Batting: SHB Craig Ruzic 0-0: Swinging Strike
0-1: Fly out, F9 (Flyball, 9LM, EV 82.5 MPH)
Top of the 2nd over - 1 run, 1 hit, 0 errors, 1 left on base; Colorado 1 - Miami Beach 0
BOTTOM OF THE 2ND
Miami Beach Marlins batting - Pitching for Colorado Avalanche : RHP Kevin McKasson
Batting: RHB J.D. Vander Klok 0-0: Swinging Strike
0-1: Ground out 6-3 (Groundball, 6, EV 98.8 MPH)
Batting: RHB Andy Kelly 0-0: Foul Ball, location: 2F
0-1: Ball
1-1: Foul Ball, location: 2F
1-2: Foul Ball, location: 2F
1-2: Ball
2-2: Foul Ball, location: 2F
2-2: Ball
3-2: Fly out, F7 (Line Drive, 7, EV 93.8 MPH)
Batting: LHB Matt McKeon 0-0: Called Strike
0-1: Fly out, F9 (Flyball, 89D, EV 98.1 MPH)
Bottom of the 2nd over - 0 runs, 0 hits, 0 errors, 0 left on base; Colorado 1 - Miami Beach 0
TOP OF THE 3RD
Colorado Avalanche batting - Pitching for Miami Beach Marlins : LHP Brian Worthy
Batting: LHB Georges Lambert 0-0: Called Strike
0-1: Ball
1-1: Swinging Strike
1-2: Foul Ball, location: 2F
1-2: SINGLE (Flyball, 4D, EV 89.4 MPH)
Batting: SHB Brad Madden 0-0: Ball
1-0: Ball
2-0: SINGLE (Groundball, 34D, EV 105.6 MPH)
Georges Lambert to second
Runner from 2nd tries for 3rd, SAFE, throw by RF made to third
Batting: LHB Paul McClintock 0-0: Foul Ball, location: 2F
0-1: Ball
1-1: Grounds into double play, 4-6-3 (Groundball, 34, EV 84.4 MPH)
Georges Lambert scores
Batting: RHB John Corfield 0-0: Ball
1-0: Foul Ball, location: 2F
1-1: Ground out 4-3 (Groundball, 4M, EV 81.9 MPH)
Top of the 3rd over - 1 run, 2 hits, 0 errors, 0 left on base; Colorado 2 - Miami Beach 0
BOTTOM OF THE 3RD
Miami Beach Marlins batting - Pitching for Colorado Avalanche : RHP Kevin McKasson
Batting: RHB Axel Moltke 0-0: Called Strike
0-1: Ball
1-1: Foul Ball, location: 2F
1-2: SINGLE (Line Drive, 89S, EV 92.5 MPH)
Batting: LHB Eric Bailey 0-0: Ball
Balk!
Axel Moltke to second
1-0: 2-RUN HOME RUN (Flyball, 9D, EV 97.5 MPH), Distance : 378 ft
Batting: RHB Dale Young 0-0: Ball
1-0: Ball
2-0: Called Strike
2-1: Ball
3-1: Base on Balls
Batting: RHB Willie Chavez 0-0: Called Strike
0-1: SINGLE (Line Drive, 4MD, EV 111.2 MPH)
Dale Young to second
Batting: RHB Erik Coleman 0-0: Ball
1-0: Called Strike
1-1: Called Strike
1-2: Foul Ball, location: 2F
1-2: SINGLE (Line Drive, 9S, EV 98.8 MPH)
Dale Young to third
Willie Chavez to second
Batting: LHB Adam Durgin 0-0: Ball
1-0: Called Strike
1-1: Fielders Choice at 2nd, 3-6 (Groundball, 34D, EV 105.6 MPH)
Dale Young scores
Willie Chavez to third
Batting: RHB J.D. Vander Klok 0-0: Ball
1-0: 3-RUN HOME RUN (Flyball, 7LD, EV 94.4 MPH), Distance : 352 ft
Batting: RHB Andy Kelly 0-0: DOUBLE (Line Drive, 7LD, EV 101.9 MPH)
Batting: LHB Matt McKeon 0-0: Foul Ball, location: 2F
0-1: Fly out, F9 (Flyball, 89M, EV 98.1 MPH)
Batting: RHB Axel Moltke 0-0: Foul Ball, location: 2F
0-1: Ball
1-1: Called Strike
1-2: Ball
2-2: Ball
3-2: SINGLE (Line Drive, 34D, EV 97.5 MPH)
Andy Kelly to third
Runner from 3rd tries for Home, SAFE, throw by RF to home
Batting: LHB Eric Bailey 0-0: Ball
1-0: Called Strike
1-1: Called Strike
1-2: Foul Ball, location: 2F
1-2: Ball
2-2: Ball
3-2: 2-RUN HOME RUN (Flyball, 7D, EV 98.1 MPH), Distance : 388 ft
Pitching: RHP Daniel Green
Batting: RHB Dale Young 0-0: Ball
1-0: Called Strike
1-1: Ball
2-1: Ball
3-1: Called Strike
3-2: Base on Balls
Batting: RHB Willie Chavez 0-0: Ball
1-0: Called Strike
1-1: Ball
2-1: Foul Ball, location: 2F
2-2: Ball
Balk!
Dale Young to second
3-2: Foul Ball, location: 2F
3-2: Foul Ball, location: 2F
3-2: Foul Ball, location: 2F
3-2: Ground out 4-3 (Groundball, 4M, EV 102.5 MPH)
Bottom of the 3rd over - 9 runs, 8 hits, 0 errors, 1 left on base; Colorado 2 - Miami Beach 9
TOP OF THE 4TH
Colorado Avalanche batting - Pitching for Miami Beach Marlins : LHP Brian Worthy
Batting: RHB Matviy Oliynyk 0-0: Called Strike
0-1: Ball
1-1: Called Strike
1-2: Ball
2-2: Strikes out swinging
Batting: RHB Bob Hayes 0-0: Foul Ball, location: 2F
0-1: Ball
1-1: Ball
2-1: Ball
3-1: Swinging Strike
3-2: Foul Ball, location: 2F
3-2: Fly out, F7 (Flyball, 7S, EV 86.9 MPH)
Batting: SHB Justin Jackson 0-0: Ball
1-0: Ball
2-0: Called Strike
2-1: Fly out, F9 (Flyball, 9D, EV 92.5 MPH)
Top of the 4th over - 0 runs, 0 hits, 0 errors, 0 left on base; Colorado 2 - Miami Beach 9
BOTTOM OF THE 4TH
Miami Beach Marlins batting - Pitching for Colorado Avalanche : RHP Daniel Green
Batting: RHB Erik Coleman 0-0: Ball
1-0: Ball
2-0: SINGLE (Line Drive, 7S, EV 101.2 MPH)
Batting: LHB Adam Durgin 0-0: Called Strike
0-1: Ball
1-1: Foul Ball, location: 2F
1-2: Ball
2-2: Fielders Choice at 2nd, 3-6 (Groundball, 34, EV 87.5 MPH)
Batting: RHB J.D. Vander Klok 0-0: Ball
1-0: Called Strike
1-1: Foul Ball, location: 2F
1-2: Fly out, F7 (Flyball, 7, EV 76.9 MPH)
Batting: RHB Andy Kelly 0-0: Foul Ball, location: 2F
0-1: Ground out 5-3 (Groundball, 56S, EV 75.6 MPH)
Bottom of the 4th over - 0 runs, 1 hit, 0 errors, 1 left on base; Colorado 2 - Miami Beach 9
TOP OF THE 5TH
Colorado Avalanche batting - Pitching for Miami Beach Marlins : LHP Brian Worthy
Batting: RHB Chris Kinder 0-0: Called Strike
0-1: Foul Ball, location: 2F
0-2: Strikes out swinging
Batting: SHB Craig Ruzic 0-0: Ball
1-0: Called Strike
1-1: Ball
2-1: Ball
3-1: Base on Balls
Batting: LHB Georges Lambert 0-0: Ball
1-0: Foul Ball, location: 2F
1-1: Foul Ball, location: 2F
1-2: Ball
2-2: Ball
3-2: Foul Ball, location: 2F
3-2: Base on Balls
Craig Ruzic to second
Pitching: RHP J.P. Wilson
Batting: SHB Brad Madden 0-0: DOUBLE (Line Drive, 78D, EV 103.1 MPH)
Craig Ruzic scores
Georges Lambert to third
Batting: LHB Paul McClintock 0-0: Called Strike
0-1: Ball
1-1: Ball
2-1: Called Strike
2-2: Foul Ball, location: 2F
2-2: Foul Ball, location: 2F
2-2: Ball
Wild Pitch!
Georges Lambert scores
Brad Madden to third
3-2: Strikes out swinging
Batting: RHB John Corfield 0-0: Fly out, F4 (Popup, 34D, EV 54.4 MPH)
Top of the 5th over - 2 runs, 1 hit, 0 errors, 1 left on base; Colorado 4 - Miami Beach 9
BOTTOM OF THE 5TH
Miami Beach Marlins batting - Pitching for Colorado Avalanche : RHP Daniel Green
Batting: LHB Matt McKeon 0-0: Ball
1-0: Ball
2-0: Ball
3-0: Base on Balls
Batting: RHB Axel Moltke 0-0: Foul Ball, location: 2F
0-1: Ball
Matt McKeon steals 2nd base (no throw)
1-1: Foul Ball, location: 2F
1-2: Fly out, F7 (Flyball, 7, EV 95.0 MPH)
Batting: LHB Eric Bailey 0-0: Foul Ball, location: 2F
0-1: Swinging Strike
0-2: Fly out, F7 (Flyball, 7D, EV 98.1 MPH)
Runner from 2nd tags up, SAFE at 3rd, no throw by LF
Batting: RHB Dale Young 0-0: Ball
1-0: Ball
2-0: Foul Ball, location: 2F
2-1: Foul Ball, location: 2F
2-2: Ball
3-2: SINGLE (Line Drive, 89S, EV 100.6 MPH)
Matt McKeon scores
Batting: RHB Willie Chavez 0-0: Ball
Dale Young is caught stealing 2nd base 2-4
Bottom of the 5th over - 1 run, 1 hit, 0 errors, 0 left on base; Colorado 4 - Miami Beach 10
TOP OF THE 6TH
Colorado Avalanche batting - Pitching for Miami Beach Marlins : RHP J.P. Wilson
Batting: RHB Matviy Oliynyk 0-0: Foul Ball, location: 2F
0-1: Called Strike
0-2: Ball
1-2: Foul Ball, location: 2F
1-2: Ball
2-2: Foul Ball, location: 2F
2-2: Ball
3-2: Ground out 6-3 (Groundball, 56, EV 85.6 MPH)
Batting: RHB Bob Hayes 0-0: Swinging Strike
0-1: Ball
1-1: Ball
2-1: Ball
3-1: Base on Balls
Batting: SHB Justin Jackson 0-0: Swinging Strike
0-1: Swinging Strike
0-2: Foul Ball, location: 2F
0-2: Strikes out looking
Batting: RHB Chris Kinder 0-0: Called Strike
0-1: Foul Ball, location: 2F
0-2: Foul Ball, location: 2F
0-2: SINGLE (Line Drive, 8RM, EV 105.6 MPH)
Bob Hayes to second
Batting: SHB Craig Ruzic 0-0: Swinging Strike
0-1: Ball
1-1: Ball
2-1: Called Strike
2-2: Strikes out looking
Top of the 6th over - 0 runs, 1 hit, 0 errors, 2 left on base; Colorado 4 - Miami Beach 10
BOTTOM OF THE 6TH
Miami Beach Marlins batting - Pitching for Colorado Avalanche : RHP Daniel Green
Batting: RHB Willie Chavez 0-0: Ball
1-0: Ball
2-0: Ground out 4-3 (Groundball, 4M, EV 93.8 MPH)
Batting: RHB Erik Coleman 0-0: Called Strike
0-1: Ball
1-1: Ball
2-1: Called Strike
2-2: Ground out U3 (Groundball, 3S, EV 87.5 MPH)
Batting: LHB Adam Durgin 0-0: Foul Ball, location: 2F
0-1: Called Strike
0-2: Ball
1-2: Ball
2-2: Ball
3-2: Foul Ball, location: 2F
3-2: Base on Balls
Pitching: RHP Dan Hoffman
Batting: RHB J.D. Vander Klok 0-0: Ball
1-0: Fly out, F9 (Flyball, 9S, EV 88.8 MPH)
Bottom of the 6th over - 0 runs, 0 hits, 0 errors, 1 left on base; Colorado 4 - Miami Beach 10
TOP OF THE 7TH
Colorado Avalanche batting - Pitching for Miami Beach Marlins : RHP J.P. Wilson
Batting: LHB Georges Lambert 0-0: Called Strike
0-1: Ball
1-1: Fly out, F8 (Flyball, 8LXD, EV 94.4 MPH)
Batting: SHB Brad Madden 0-0: Ball
1-0: Called Strike
1-1: Ball
2-1: Fly out, F5 (Line Drive, 5, EV 66.2 MPH)
Batting: LHB Paul McClintock 0-0: Ball
1-0: Called Strike
1-1: Ball
2-1: Foul Ball, location: 2F
2-2: Strikes out swinging
Top of the 7th over - 0 runs, 0 hits, 0 errors, 0 left on base; Colorado 4 - Miami Beach 10
BOTTOM OF THE 7TH
Miami Beach Marlins batting - Pitching for Colorado Avalanche : RHP Dan Hoffman
Batting: RHB Andy Kelly 0-0: Fly out, F7 (Flyball, 7S, EV 85.0 MPH)
Batting: LHB Matt McKeon 0-0: Ground out 5-3 (Groundball, 56, EV 91.9 MPH)
Batting: RHB Axel Moltke 0-0: Called Strike
0-1: DOUBLE (Line Drive, 7LD, EV 108.8 MPH)
Batting: LHB Eric Bailey 0-0: Ball
Balk!
Axel Moltke to third
1-0: Called Strike
1-1: Called Strike
1-2: Ball
2-2: Ball
Balk!
Axel Moltke scores
3-2: Base on Balls
Batting: RHB Dale Young 0-0: Called Strike
0-1: Foul Ball, location: 2F
0-2: Ball
1-2: SINGLE (Groundball, 56D, EV 104.4 MPH)
Eric Bailey to second
Batting: RHB Willie Chavez 0-0: Foul Ball, location: 2F
0-1: Fly out, F8 (Flyball, 8LS, EV 87.5 MPH)
Bottom of the 7th over - 1 run, 2 hits, 0 errors, 2 left on base; Colorado 4 - Miami Beach 11
TOP OF THE 8TH
Colorado Avalanche batting - Pitching for Miami Beach Marlins : RHP J.P. Wilson
Pitching: RHP Alberto Negrete
Batting: RHB John Corfield 0-0: Ball
1-0: Called Strike
1-1: Swinging Strike
1-2: Ball
2-2: Strikes out looking
Pinch Hitting: SHB Rich McDonald 0-0: Swinging Strike
0-1: Ball
1-1: Called Strike
1-2: Ball
2-2: Foul Ball, location: 2F
2-2: Foul Ball, location: 2F
2-2: Foul Ball, location: 2F
2-2: Strikes out swinging
Pinch Hitting: SHB Clayton Saunders 0-0: Foul Ball, location: 2F
0-1: Ball
1-1: Ball
2-1: Ball
3-1: Foul Ball, location: 2F
3-2: Strikes out swinging
Top of the 8th over - 0 runs, 0 hits, 0 errors, 0 left on base; Colorado 4 - Miami Beach 11
BOTTOM OF THE 8TH
Miami Beach Marlins batting - Pitching for Colorado Avalanche : RHP Dan Hoffman
Now at 3B: Rich McDonald
Now at SS: Paul McClintock
Now in CF: Clayton Saunders
Pinch Hitting: LHB Angelo Estrella 0-0: Ball
1-0: Ball
2-0: Ground out 3-1 (Groundball, 34S, EV 88.1 MPH)
Batting: LHB Adam Durgin 0-0: Foul Ball, location: 2F
0-1: Foul Ball, location: 2F
0-2: Fly out, F8 (Flyball, 8LD, EV 101.2 MPH)
Batting: RHB J.D. Vander Klok 0-0: Ground out U3 (Groundball, 34, EV 107.5 MPH)
Bottom of the 8th over - 0 runs, 0 hits, 0 errors, 0 left on base; Colorado 4 - Miami Beach 11
TOP OF THE 9TH
Colorado Avalanche batting - Pitching for Miami Beach Marlins : RHP Alberto Negrete
Now at 1B: Angelo Estrella
Now in LF: Eric Bailey
Now in RF: Matt McKeon
Batting: SHB Justin Jackson 0-0: Called Strike
0-1: Called Strike
0-2: Ball
1-2: Ball
2-2: Ball
3-2: Foul Ball, location: 2F
3-2: Strikes out swinging
Batting: RHB Chris Kinder 0-0: Called Strike
0-1: Swinging Strike
0-2: Ball
1-2: Strikes out swinging
Batting: SHB Craig Ruzic 0-0: Swinging Strike
0-1: Called Strike
0-2: Strikes out looking
Top of the 9th over - 0 runs, 0 hits, 0 errors, 0 left on base; Colorado 4 - Miami Beach 11
Thursday, March 31st , 2022 - OOTP Baseball 22.12 Build 89